 Dungeon Crawl Stone Soup version 0.31-a0-232-gb1c03b2570 (webtiles) character file.

Game seed: 12716318636270013491

212 qw the Shooter (level 5, -10/42 HPs)
             Began as a Minotaur Hexslinger on July 7, 2023.
             Was an Initiate of Okawaru.
             Mangled by an ice beast (14 damage)
             ... on level 6 of the Dungeon.
             The game lasted 00:00:50 (2184 turns).

qw the Shooter (Minotaur Hexslinger)                Turns: 2184, Time: 00:00:51

Health: -10/42     AC:  5    Str: 13    XL:     5   Next: 58%
Magic:  5/5        EV: 11    Int: 10    God:    Okawaru [......]
Gold:   156        SH:  0    Dex: 14    Spells: 5/6 levels left

rFire   . . .        Y - +2 sling
rCold   . . .        (no shield)
rNeg    . . .        g - +0 ring mail
rPois   .            (helmet restricted)
rElec   .            (no cloak)
rCorr   .            (no gloves)
SInv    .            (no boots)
Will    .....        (no amulet)
Stlth   +            (no ring)
HPRegen 0.27/turn    (no ring)
MPRegen 0.09/turn

%: no passive effects
@: no status effects
A: horns 2, retaliatory headbutt
a: Renounce Religion


You were on level 6 of the Dungeon.
You worshipped Okawaru.
Okawaru was noncommittal.
You visited 1 branch of the dungeon, and saw 4 of its levels.

You collected 156 gold pieces.


Innate Abilities, Weirdness & Mutations

You have a pair of horns on your head.
You reflexively headbutt those who attack you in melee.


   Skills:
 + Level 2.5 Fighting
 - Level 5.8 Ranged Weapons
 - Level 1.7 Armour
 - Level 2.1 Dodging
 - Level 1.0 Spellcasting
 - Level 2.0 Hexes


You had 5 spell levels left.
You knew the following spells:

 Your Spells              Type           Power      Damage    Failure   Level
a - Slow                  Hex            16%        N/A       32%         1

Your spell library contained the following spells:

 Spells                   Type           Power      Damage    Failure   Level
 Inner Flame              Hex/Fire       2%         N/A       82%         3
 Portal Projectile        Hex/Tloc       4%         N/A       82%         3
 Cause Fear               Hex            2%         N/A       97%         4

Inventory:

Hand Weapons
 Y - a +2 sling (weapon)
Armour
 g - a +0 ring mail (worn)
Scrolls
 d - 2 scrolls of identify
Potions
 a - 2 potions of curing {unknown}
 b - a potion of cancellation
 f - a potion of resistance {unknown}
 h - a potion of berserk rage {unknown}

Dungeon Overview and Level Annotations

Branches:
Dungeon (3/15)

Altars:
Okawaru

Shops:
D:2 [


Message History

The ice beast is lightly wounded.
You shoot a sling bullet.
The sling bullet closely misses the ice beast.
You shoot a sling bullet.
The sling bullet closely misses the ice beast.
The ice beast completely misses you.
You shoot a sling bullet. The sling bullet hits the ice beast.
The ice beast is lightly wounded.
The ice beast closely misses you.
You shoot a sling bullet.
The sling bullet closely misses the ice beast.
The ice beast barely misses you. You furiously retaliate!
You headbutt the ice beast! The ice beast hits you. The ice beast freezes you!
You shoot a sling bullet.
The sling bullet hits the ice beast but does no damage.
The ice beast is heavily wounded.
The ice beast hits you. The ice beast freezes you!
You shoot a sling bullet.
The sling bullet hits the ice beast but does no damage.
The ice beast is heavily wounded.
The ice beast hits you but does no damage.
You shoot a sling bullet.
The sling bullet hits the ice beast but does no damage.
The ice beast is heavily wounded.
The ice beast closely misses you.
You shoot a sling bullet. The sling bullet hits the ice beast.
The ice beast is heavily wounded.
The ice beast hits you. The ice beast freezes you!
The ice beast barely misses you. You furiously retaliate!
You headbutt the ice beast. You shoot a sling bullet.
The sling bullet barely misses the ice beast.
The ice beast misses you.
You shoot a sling bullet. The sling bullet hits the ice beast.
The ice beast is severely wounded.
The ice beast hits you. The ice beast freezes you.
You shoot a sling bullet.
The sling bullet barely misses the ice beast.
The ice beast hits you. The ice beast freezes you!
You die...

......###.........##.#..^.
###..##........#####.#....
...##..#......##......###
..###.......#.....###.##
..# ....#..#....###...#
.......#......#..###..
#.#.#.#.................
.......#.....#.#.####...
#Y@#....#...# .
#....#...#.....
#......#..#.#.#...
......:..#.#....###
.............#.#.##
#......#######.... #.####.
#. ..


You could see an ice beast.

Vanquished Creatures
  An ogre (D:3)
  Natasha (thrice) (D:3)
  An adder (D:3)
  A worm (D:3)
  A dart slug (D:2)
  4 endoplasms
  2 giant cockroaches
  2 goblins
  5 hobgoblins
  3 jackals (D:2)
  2 kobolds
  4 quokkas
  6 ball pythons
  3 bats
  4 frilled lizards
  4 rats
46 creatures vanquished.

Notes
Turn   | Place    | Note
-------+----------+-------------------------------------------
     0 | D:1      | qw the Minotaur Hexslinger began the quest for the Orb.
     0 | D:1      | Reached XP level 1. HP: 16/16 MP: 1/1
     0 | D:1      | 0 ||| qw: Version: 0.3-a-46-gb1f654a
     0 | D:1      | 0 ||| qw: Game counter: 2457
     0 | D:1      | 0 ||| qw: Melee chars always use a shield: true
     0 | D:1      | 0 ||| qw: God list: Okawaru
     0 | D:1      | 0 ||| qw: Allow faded altars: false
     0 | D:1      | 0 ||| qw: Do Orc after clearing Dungeon:15 true
     0 | D:1      | 0 ||| qw: Do second Lair branch before Depths: true
     0 | D:1      | 0 ||| qw: Lair rune preference: random
     0 | D:1      | 0 ||| qw: Goals: Normal
     0 | D:1      | 0 ||| PLANNING D:1-11
   169 | D:1      | Reached skill level 3 in Ranged Weapons
   169 | D:1      | Reached XP level 2. HP: 12/23 MP: 2/2
   976 | D:1      | 976 ||| UPGRADING to +0 leather armour.
   986 | D:1      | 986 ||| DROPPING +0 robe.
   987 | D:1      | 987 ||| UPGRADING to +0 ring mail.
   997 | D:1      | 997 ||| DROPPING +0 leather armour.
   998 | D:1      | 998 ||| READING scroll labelled VADDYMOOPO.
  1003 | D:1      | 1003 ||| READING scroll labelled KISIJEM ACLYPN.
  1004 | D:1      | 1004 ||| DROPPING scroll of poison.
  1091 | D:2      | Found an iron altar of Okawaru.
  1092 | D:2      | 1092 ||| PLANNING OKAWARU WORSHIP
  1092 | D:2      | 1092 ||| READING scroll labelled JEOKHAVVIL.
  1100 | D:2      | Became a worshipper of Warmaster Okawaru
  1101 | D:2      | 1101 ||| PLANNING D:1-11
  1208 | D:2      | Found Weqe's Armour Boutique.
  1309 | D:2      | Reached XP level 3. HP: 29/29 MP: 3/3
  1415 | D:2      | 1415 ||| SHOPLISTING +1 robe of the Sun {rC+} (236 gold,
                  | have 47).
  1415 | D:2      | 1415 ||| SHOPLISTING +2 pair of gloves (198 gold, have 47).
  1415 | D:2      | 1415 ||| SHOPLISTING +4 ring mail of poison resistance (336
                  | gold, have 47).
  1415 | D:2      | 1415 ||| SHOPLISTING quicksilver dragon scales (720 gold,
                  | have 47).
  1669 | D:2      | 1669 ||| READING 5 scrolls labelled OKHIZXUYWI.
  1670 | D:2      | 1670 ||| READING scroll labelled MID AM EREBLI.
  1671 | D:2      | 1671 ||| READING 4 scrolls of identify.
  1671 | D:2      | 1671 ||| IDENTIFYING bubbling yellow potion
  1672 | D:2      | 1672 ||| READING 3 scrolls of identify.
  1672 | D:2      | 1672 ||| IDENTIFYING black potion
  1673 | D:2      | 1673 ||| READING 2 scrolls of identify.
  1673 | D:2      | 1673 ||| IDENTIFYING green potion
  1674 | D:2      | 1674 ||| DROPPING potion of lignification.
  1675 | D:2      | 1675 ||| DROPPING potion of degeneration.
  1701 | D:3      | 1701 ||| PLANNING SEWER
  1717 | D:3      | Noticed Natasha
  1726 | D:3      | Killed Natasha
  1727 | D:3      | Reached skill level 4 in Ranged Weapons
  1762 | D:3      | Noticed Natasha
  1768 | D:3      | Killed Natasha
  1769 | D:3      | Reached skill level 1 in Armour
  1769 | D:3      | Reached XP level 4. HP: 35/36 MP: 4/4
  1781 | D:3      | Noticed Natasha
  1789 | D:3      | Killed Natasha
  1837 | D:3      | Noticed an ogre
  1843 | D:3      | HP: 9/36 [ogre/+0 giant spiked club (27)]
  1846 | D:3      | Killed an ogre
  1847 | D:3      | Reached skill level 5 in Ranged Weapons
  1847 | D:3      | Reached XP level 5. HP: 11/41 MP: 5/5
  2135 | D:3      | You fall into a shaft and drop 3 floors!
  2172 | D:6      | Noticed an ice beast
  2183 | D:6      | HP: 5/42 [ice beast (6)]
  2184 | D:6      | Mangled by an ice beast

Levels and vault maps discovered:
D:1:      lightli_arrival_windingriver, layout_loops_corners, skrybe_limestone_x
D:2:      layout_basic, basic_altar, serial_shops, nicolae_shop_tiny_glass
D:3:      layout_basic, mainiacjoe_overflow_small_starburst,
          gup_sewer_entry_glass, uniq_natasha
D:6:      layout_rooms, mainiacjoe_overflow_24_doors, zin_scriptorium,
          nicolae_uskayaw_en_pointe, serial_shops,
          nicolae_shop_advertising_works [nicolae_subvault_shop_adworks],
          hangedman_decor_opposing, kennysheep_cross_room

Skill      XL: |  1  2  3  4 |
---------------+-------------+-----
Ranged Weapons | 3 4 5 |  5.8
Fighting       | 2 |  2.5
Armour         | 1 |  1.7
Dodging        | |  2.1
Spellcasting   | |  1.0
Hexes          | |  2.0

Action                     |  1- 3 |  4- 6 || total
---------------------------+-------+-------++-------
   Fire: Sling             |   109 |    57 ||   166
    Use: Scroll            |     8 |       ||     8
 Armour: Robe              |     6 |       ||     6
         Ring mail         |     7 |     3 ||    10
  Dodge: Dodged            |    29 |    16 ||    45

Table legend:
 A = Non-vault XP
 B = Vault XP
 C = Vault XP percentage of total XP
 D = Non-vault monster count
 E = Vault monster count
 F = Vault count percentage of total count
                 A         B        C        D         E       F
            +---------+---------+-------+---------+---------+-------
      Total |     269 |      35 |  11.5 |      45 |       1 |   2.2
            +---------+---------+-------+---------+---------+-------
        D:1 |      28 |       0 |   0.0 |      17 |       0 |   0.0
        D:2 |      24 |       0 |   0.0 |      13 |       0 |   0.0
        D:3 |     217 |      35 |  13.9 |      15 |       1 |   6.2
            +---------+---------+-------+---------+---------+-------
